Map: Frost LE

Players

Fropez - Winner!

  • Race: Protoss Protoss
  • League: Silver
  • Spawn Location: 11:00

rodney

  • Race: Protoss Protoss
  • League: Bronze
  • Spawn Location: 7:00

VOD

Have the link to the VOD?

Description

Time

  • Played on: May 29, 2016, 11:17 p.m.
  • Length: 5:53
Show
View Real Time Build Order
Export as new Build Order

Fropez Protoss - Winner!

Build Orders:  

Get SALT Encoding   

  12  0:01  Probe (Chrono Boost)  
  13  0:15  Pylon  
  14  0:21  Probe (Chrono Boost)  
  14  0:33  Gateway  
  15  0:35  Probe (Chrono Boost)  
  15  0:43  Assimilator  
  15  0:46  Probe (Chrono Boost)  
  16  0:57  Probe (Chrono Boost)  
  17  1:08  Pylon  
  17  1:10  Pylon  
  18  1:11  Probe (Chrono Boost)  
  18  1:21  Probe (Chrono Boost)  
  19  1:28  Cybernetics Core  
  19  1:35  Probe (Chrono Boost)  
  20  1:46  Probe (Chrono Boost)  
  21  1:47  Assimilator  
  21  1:55  Pylon  
  22  2:04  Warp Gate (Chrono Boost)  
  22  2:06  Mothership Core (Chrono Boost)  
  23  2:16  Stalker  
  25  2:24  Probe (Chrono Boost)  
  25  2:27  Gateway  
  26  2:35  Probe (Chrono Boost)  
  27  2:45  Probe (Chrono Boost)  
  27  2:46  Stalker  
  30  2:54  Gateway  
  30  2:57  Probe  
  31  3:09  Probe  
  32  3:17  Forge  
  32  3:21  Probe  
  32  3:22  Stalker  
  35  3:27  Stalker  
  37  3:50  Protoss Ground Weapons Level 1 (Chrono Boost)  
  37  3:52  Probe  
  37  4:01  Stalker  
  37  4:02  Stalker  
  41  4:10  Stalker  
  43  4:35  Stalker x2  
  43  5:02  Stalker  
  43  5:03  Stalker x2  
  47  5:36  Probe  
Show
View Real Time Build Order
Export as new Build Order

rodney Protoss 

Build Orders: 1 Gate Expand 

Get SALT Encoding   

  12  0:03  Probe (Chrono Boost)  
  13  0:18  Pylon  
  13  0:21  Probe (Chrono Boost)  
  14  0:33  Probe (Chrono Boost)  
  15  0:39  Gateway  
  15  0:44  Probe (Chrono Boost)  
  16  0:54  Probe (Chrono Boost)  
  17  1:14  Nexus  
  17  1:18  Probe (Chrono Boost)  
  18  1:26  Gateway  
  18  1:33  Assimilator  
  18  1:50  Probe (Chrono Boost)  
  18  1:52  Pylon  
  19  1:58  Cybernetics Core  
  19  2:01  Zealot  
  21  2:06  Probe (Chrono Boost)  
  22  2:16  Probe (Chrono Boost)  
  22  2:19  Zealot  
  25  2:27  Probe x2 (Chrono Boost)  
  27  2:31  Assimilator  
  27  2:37  Probe (Chrono Boost)  
  27  2:38  Probe (Chrono Boost)  
  29  2:48  Probe (Chrono Boost)  
  30  3:03  Warp Gate (Chrono Boost)  
  30  3:05  Stalker  
  32  3:06  Zealot  
  32  3:08  Pylon  
  32  3:12  Probe (Chrono Boost)  
  35  3:16  Probe (Chrono Boost)  
  36  3:22  Probe (Chrono Boost)  
  36  3:25  Probe  
  37  3:29  Pylon  
  37  3:32  Pylon  
  38  3:34  Mothership Core  
  38  3:36  Zealot  
  38  3:38  Zealot  
  38  3:39  Probe  
  45  3:50  Probe  
  45  3:54  Twilight Council  
  46  4:13  Stalker  
  46  4:14  Probe, Zealot  
  51  4:17  Probe  
  52  4:24  Probe  
  52  4:26  Robotics Facility  
  52  4:29  Probe  
  40  5:00  Stalker  
  40  5:05  Stalker  
  36  5:18  Mothership Core  
  40  5:23  Pylon  
  40  5:26  Stalker  
  41  5:36  Pylon  
Tags
 
Matchup
PvP
Replay Pack
All Mines
Spawn Locations
Close Positions
Add a new tag
Caveats
  • Supply blocks, unpowered buildings, or Contaminate may cause inaccurate times.
  • Supply counts are checked every 10 seconds.